 Dungeon Crawl Stone Soup version 0.26-a0-712-ga5a9c9c9d0 (webtiles) character file.

Game seed: 3726249664773238454

7251 kae the Transmogrifier (level 11, -1/100 HPs)
             Began as a Naga Transmuter on Nov 4, 2020.
             Was an Elder of Cheibriados.
             Slain by Sonja
             ... wielding a +2 dagger of draining
              (2 damage)
             ... on level 10 of the Dungeon.
             The game lasted 00:10:29 (14163 turns).

kae the Transmogrifier (Naga Transmuter)           Turns: 14163, Time: 00:10:29

Health: -1/100     AC:  5    Str: 25    XL:     11   Next: 12%
Magic:  12/17      EV:  9    Int: 24    God:    Cheibriados [****..]
Gold:   724        SH:  0    Dex: 22    Spells: 5/18 levels left

rFire    x . .     SeeInvis +   (weapon currently unavailable)
rCold    + + +     Faith    .   (shield currently unavailable)
rNeg     . . .     Spirit   .   (armour currently unavailable)
rPois    +         Reflect  .   (helmet currently unavailable)
rElec    .         Harm     .   (cloak currently unavailable)
rCorr    .         Rampage  .   (gloves currently unavailable)
MR       +....                  (no barding)
Stlth    ++........             (no amulet)
HPRegen  0.26/turn              (no ring)
MPRegen  0.15/turn              (no ring)

@: ice-form, extremely drained, very slow
A: large, see invisible, screaming 1, spit poison 1, AC +3
a: Spit Poison, End Transformation, Bend Time, Temporal Distortion, Slouch,
Renounce Religion


You were on level 10 of the Dungeon.
You worshipped Cheibriados.
Cheibriados was greatly pleased with you.
You were a creature of crystalline ice.
You visited 2 branches of the dungeon, and saw 11 of its levels.
You also visited: Sewer.

You collected 724 gold pieces.

Inventory:

Armour
 a - a +1 robe (melded)
 l - a +0 cloak (melded)
Jewellery
 s - a +4 ring of protection {unknown}
Wands
 e - a wand of enslavement (15)
 i - a wand of iceblast (10)
 k - a wand of paralysis (25)
 o - a wand of flame (32)
 u - a wand of polymorph (3)
 x - a wand of digging (3)
Scrolls
 b - 3 scrolls of magic mapping
 d - 6 scrolls of remove curse
 h - 4 scrolls of teleportation
 n - 4 scrolls of identify
 q - 6 scrolls of amnesia
 r - a scroll of enchant weapon
 w - a scroll of enchant armour
Potions
 c - 2 potions of degeneration
 f - 3 potions of mutation
 j - 2 potions of haste
 m - 2 potions of stabbing
 p - 2 potions of berserk rage
 t - a potion of resistance
 v - a potion of flight


   Skills:
 - Level 1.0(0.0) Fighting
 + Level 5.0(0.0) Dodging
 - Level 10.0(0.0) Unarmed Combat
 - Level 4.0(0.0) Spellcasting
 - Level 11.1(0.0) Transmutations
 - Level 4.0(0.0) Ice Magic
 - Level 3.0(0.0) Poison Magic


You had 5 spell levels left.
You knew the following spells:

 Your Spells              Type           Power        Failure   Level
a - Beastly Appendage     Tmut           #.....       14%         1
b - Spider Form           Tmut/Pois      #.........   41%         3
c - Blade Hands           Tmut           #.........   99%         5
d - Ice Form              Ice/Tmut       #.......     82%         4

Your spell library contained the following spells:

 Spells                   Type           Power        Failure   Level
 Animate Skeleton         Necr           #.....       14%         1
 Apportation              Tloc           #.....       14%         1
 Corona                   Hex            #......      14%         1
 Summon Small Mammal      Summ           #...         14%         1
 Wereblood                Tmut           #.......     22%         2


Dungeon Overview and Level Annotations

Branches:
Dungeon (10/15)            Temple (1/1) D:5           Sewer (visited)
   Lair: D:8-11         Orc: D:9-12

Altars:
Ashenzari
Cheibriados
Dithmenos
Elyvilon
Fedhas
Gozag
Hepliaklqana
Kikubaaqudgha
Makhleb
Nemelex Xobeh
Okawaru
Qazlal
Ru
Sif Muna
Trog
Uskayaw
Vehumet
Wu Jian
Xom
Yredelemnul
Zin
The Shining One

Shops:
D:7 [   D:10 [

Annotations:
D:9 2 transporters, Lanoc's ghost, novice SpBe
D:10 Sonja


Innate Abilities, Weirdness & Mutations

You cannot wear boots.
((Your serpentine skin is tough. (AC +3)))
You have supernaturally acute eyesight. (SInv)
((Armour fits poorly on your strangely shaped body.))
((Your system is resistant to poisons. (rPois)))
((You cover ground very slowly.))
You can spit poison.
You occasionally shout uncontrollably at your foes.


Message History

Okay, then.
You hit Sonja. You freeze Sonja.
Sonja is heavily wounded.
Sonja closely misses you.
Sonja hits you with a +2 dagger of draining.
* * * LOW HITPOINT WARNING * * *
You feel drained.
* * * LOW HITPOINT WARNING * * *
Sonja hits you but does no damage.
You feel drained.
The leopard gecko bites you but does no damage.
The orc barely misses you.
You closely miss Sonja.
Sonja is heavily wounded.
Sonja closely misses you.
Sonja hits you with a +2 dagger of draining.
* * * LOW HITPOINT WARNING * * *
You feel drained.
* * * LOW HITPOINT WARNING * * *
Sonja hits you with a +2 dagger of draining.
You die... ..........# #...... .........## +...).. ......... #.....> ....... #...... ..... ###'### JZ.

#...# ##Y# ###.###
##lo# #...# #.Y##
##.### #K## #..#
###'#### ##(########
#......# #(.........
#......####(.........
#......##.(..........
#......'.(#..........
#......####..........
#......# #..........


You could see Sonja (slow), an ice beast, an orc, a worker ant zombie and a
leopard gecko (slow).

Vanquished Creatures
  Harold (D:7)
  Urug (D:10)
  Maurice (D:10)
  2 trolls
  Grinder (D:4)
  Sigmund (D:3)
  A wraith (D:10)
  Menkaure (D:4)
  4 sky beasts
  An orc warrior (D:7)
  Purgy (Sewer)
  A water moccasin (D:6)
  An ice beast (D:10)
  2 phantoms
  3 black bears
  5 ogres
  3 centaurs (D:8)
  3 big kobolds
  Blork the orc (D:6)
  3 bullfrogs
  5 scorpions
  3 killer bees (D:10)
  4 wights
  4 howler monkeys
  2 centaur zombies
  A quasit (D:7)
  Crazy Yiuf (D:3)
  6 orc priests
  6 orc wizards (D:7)
  A hound (D:6)
  3 jellies
  Terence (D:2)
  An iguana (D:4)
  8 worker ants
  Ijyb (D:3)
  3 hound zombies
  2 worker ant zombies
  A howler monkey zombie (D:9)
  Robin (D:2)
  10 adders
  5 gnolls
  A howler monkey skeleton (D:10)
  2 shadow imps (D:6)
  2 white imps
  4 ufetubi
  2 oozes
  An adder zombie (D:6)
  An adder skeleton (D:5)
  4 worms
  5 leopard geckos
  30 orcs
  A ball python (D:8)
  10 bats
  3 giant cockroaches (D:5)
  16 goblins
  5 hobgoblins
  16 jackals
  25 kobolds
  4 quokkas
  2 frilled lizards
  A jackal skeleton (D:8)
  A leopard gecko skeleton (D:4)
  A quokka skeleton (D:8)
  2 rats (D:1)
245 creatures vanquished.

Notes
Turn   | Place    | Note
-------+----------+-------------------------------------------
     0 | D:1      | kae the Naga Transmuter began the quest for the Orb.
     0 | D:1      | Reached XP level 1. HP: 18/18 MP: 3/3
    86 | D:1      | Reached XP level 2. HP: 3/25 MP: 5/5
   893 | D:1      | Reached skill level 3 in Transmutations
   897 | D:1      | Reached XP level 3. HP: 18/31 MP: 4/6
   902 | D:1      | Learned a level 3 spell: Spider Form
  1756 | D:2      | Reached skill level 1 in Poison Magic
  1776 | D:2      | Noticed Robin
  1828 | D:2      | Killed Robin
  1832 | D:2      | Reached XP level 4. HP: 34/38 MP: 4/7
  2107 | D:2      | Noticed Terence
  2114 | D:2      | Killed Terence
  2390 | D:2      | Reached XP level 5. HP: 19/44 MP: 8/8
  2697 | D:2      | Found a radiant altar of Vehumet.
  2801 | D:2      | Found a shimmering blue altar of Sif Muna.
  3004 | D:3      | Reached skill level 4 in Transmutations
  3396 | D:3      | Found a runed translucent door.
  3397 | D:3      | Noticed Crazy Yiuf
  3611 | D:3      | Noticed Sigmund
  3623 | D:3      | Killed Sigmund
  3623 | D:3      | Reached skill level 5 in Transmutations
  3623 | D:3      | Reached XP level 6. HP: 51/51 MP: 5/9
  3854 | D:3      | Noticed Ijyb
  3856 | D:3      | Paralysed by Ijyb for 5 turns
  3870 | D:3      | Killed Ijyb
  4346 | D:3      | Killed Crazy Yiuf
  4427 | D:4      | Reached XP level 7. HP: 57/57 MP: 5/10
  4535 | D:4      | Reached skill level 6 in Transmutations
  4564 | D:4      | Learned a level 4 spell: Ice Form
  4579 | D:4      | Reached skill level 5 in Unarmed Combat
  4620 | D:4      | Reached skill level 1 in Ice Magic
  4916 | D:4      | Noticed Menkaure
  4928 | D:4      | Killed Menkaure
  5084 | D:4      | Noticed Grinder
  5103 | D:4      | Killed Grinder
  5103 | D:4      | Reached XP level 8. HP: 23/64 MP: 8/12
  5528 | D:5      | Entered Level 5 of the Dungeon
  5537 | D:5      | Reached skill level 7 in Transmutations
  5608 | D:5      | Found a staircase to the Ecumenical Temple.
  5632 | Temple   | Entered the Ecumenical Temple
  5709 | Temple   | Became a worshipper of Cheibriados the Contemplative
  5893 | D:5      | Found a sacrificial altar of Ru.
  5941 | D:5      | Found a glowing drain.
  5960 | Sewer    | Entered a sewer
  6004 | Sewer    | Noticed Purgy
  6012 | Sewer    | Learned a level 5 spell: Blade Hands
  6024 | Sewer    | Killed Purgy
  6290 | D:5      | Found an iron altar of Okawaru.
  6433 | D:5      | Found a bloodstained altar of Trog.
  6435 | D:5      | Found a glowing golden altar of the Shining One.
  6436 | D:5      | Found an opulent altar of Gozag.
  6437 | D:5      | Found a stormy altar of Qazlal.
  6574 | D:6      | Noticed Blork the orc
  6586 | D:6      | Killed Blork the orc
  6586 | D:6      | Reached * piety under Cheibriados
  6594 | D:6      | Gained mutation: You occasionally shout uncontrollably at
                  | your foes. [mutagenic glow]
  6996 | D:6      | Reached XP level 9. HP: 70/70 MP: 9/14
  6997 | D:6      | Reached skill level 8 in Transmutations
  8566 | D:7      | Reached ** piety under Cheibriados
  8576 | D:7      | Reached skill level 9 in Transmutations
  8753 | D:7      | Noticed Harold
  9108 | D:7      | Reached *** piety under Cheibriados
  9265 | D:7      | Found Culoopra's Armour Shop.
  9595 | D:8      | Reached skill level 10 in Transmutations
  9910 | D:8      | Reached XP level 10. HP: 56/78 MP: 12/16
 11042 | D:7      | Killed Harold
 11042 | D:7      | Reached skill level 11 in Transmutations
 11219 | D:7      | Reached **** piety under Cheibriados
 11687 | D:9      | Noticed Lanoc's ghost (novice SpBe)
 11691 | D:9      | Found a transporter.
 11695 | D:9      | Found a transporter.
 12062 | D:9      | Found a white marble altar of Elyvilon.
 12176 | D:10     | Entered Level 10 of the Dungeon
 12500 | D:10     | Found a shimmering altar of Xom.
 12503 | D:10     | Noticed Maurice
 12512 | D:10     | Killed Maurice
 12568 | D:10     | Reached skill level 10 in Unarmed Combat
 12597 | D:10     | Noticed Urug
 12607 | D:10     | Killed Urug
 13082 | D:10     | Reached XP level 11. HP: 84/84 MP: 9/17
 13433 | D:10     | Found Fimneir's Armour Boutique.
 13569 | D:10     | Reached ***** piety under Cheibriados
 13576 | D:10     | Reached skill level 5 in Dodging
 13641 | D:10     | Noticed Sonja
 14162 | D:10     | HP: 5/100 [Sonja/+2 dagger of draining (2)]
 14163 | D:10     | HP: 2/100 [Sonja/+2 dagger of draining (3)]
 14163 | D:10     | Slain by Sonja

Illustrated notes

Levels and vault maps discovered:
D:1:      mrwooster_arrival_statue_3, layout_basic, minmay_tree_intersection,
          st_stairs_5
D:2:      layout_rooms, led_sif_pool, vehumet_crystals, uniq_robin, uniq_terence
D:3:      layout_basic, minmay_crystal_room, ebering_dispersal_statue_hall,
          kennysheep_path_1, uniq_sigmund, uniq_ijyb, uniq_crazy_yiuf_cottage
D:4:      layout_cave_pools, uniq_menkaure, uniq_grinder
D:5:      layout_gridville, minitemple, lemuel_crystal_altar,
          minmay_temple_entry_waves, portal_sewer_entry_f
D:6:      layout_layer_cave, minmay_liquid_box, uniq_blork_the_orc
D:7:      layout_basic, serial_shops, shop, minmay_fractal_squares_gapless_5,
          uniq_harold
D:8:      layout_layer_cave
D:9:      layout_basic, overflow_temple_1_default, gammafunk_ghost_hive
D:10:     layout_roguey, basic_altar, serial_shops, shop, uniq_sonja, uniq_urug,
          uniq_maurice
Temple:   cyrus_circular_temple

Skill      XL: |  1  2  3  4  5  6  7  8  9 10 11 |
---------------+----------------------------------+-----
Transmutations | 3 5 6 7 10 11 | 11.1
Poison Magic   | 1 2 3 |  3.0
Unarmed Combat | 4 5 6 7 10 | 10.0
Ice Magic      | 2 4 |  4.0
Spellcasting   | 3 4 |  4.0
Dodging        | 3 5 |  5.0
Fighting       | |  1.0

Action                   |  1- 3 |  4- 6 |  7- 9 | 10-12 || total
-------------------------+-------+-------+-------+-------++-------
Melee: Unarmed           |    94 |   123 |   290 |   155 ||   662
       Headbutt          |     7 |     8 |     1 |       ||    16
 Cast: Beastly Appendage |    17 |    18 |     2 |       ||    37
       Spider Form       |     2 |    11 |    18 |       ||    31
       Ice Form          |       |       |    27 |    17 ||    44
       Blade Hands       |       |       |     1 |     5 ||     6
Invok: Bend Time         |       |       |       |     1 ||     1
 Abil: Spit Poison       |    26 |    29 |     7 |     1 ||    63
  Use: Scroll            |     3 |     5 |     7 |     3 ||    18
       Potion            |     2 |       |     1 |     2 ||     5
 Stab: Distracted        |       |     1 |       |       ||     1
       Sleeping          |       |       |     2 |     1 ||     3
Armor: Robe              |    13 |    12 |     6 |    14 ||    45
       Skin              |     1 |     2 |    70 |    61 ||   134
Dodge: Dodged            |    66 |    71 |   193 |   149 ||   479

Table legend: (Time is in decaauts)
 A = Elapsed time spent in this place.
 B = Non-inter-level travel time spent in this place.
 C = Inter-level travel time spent in this place.
 D = Time resting spent in this place.
 E = Time spent auto-exploring this place.
 F = Levels seen in this place.
 G = Mean time per level.
                   A        B        C        D        E       F      G
               +--------+--------+--------+--------+--------+-----+--------+
         Total |  19203 |  18656 |    547 |    818 |  16009 |  12 | 1600.2 |
       Dungeon |  18820 |  18319 |    501 |    818 |  15732 |  10 | 1882.0 |
        Temple |    129 |     83 |     46 |      0 |     81 |   1 |  129.0 |
         Sewer |    253 |    253 |      0 |      0 |    195 |   1 |  253.0 |
               +--------+--------+--------+--------+--------+-----+--------+

Top non-repeatable levels by time:
     D:8: 2901 daAuts
     D:6: 2666 daAuts
    D:10: 2652 daAuts
     D:7: 1759 daAuts
     D:3: 1749 daAuts
     D:1: 1694 daAuts
     D:2: 1653 daAuts
     D:9: 1504 daAuts
     D:4: 1252 daAuts
     D:5: 987 daAuts
   Sewer: 253 daAuts
  Temple: 129 daAuts
